 Dungeon Crawl Stone Soup version 0.31-a0-1539-g569d6c7dce (webtiles) character file.

Game seed: 9231503095789471387

102 Flugslaktarn the Trooper (level 4, 0/41 HPs)
             Began as a Minotaur Fighter on Jan 1, 2024.
             Incinerated by a bombardier beetle (6 damage)
             ... with a burning spray
             ... on level 3 of the Dungeon.
             The game lasted 00:00:43 (1885 turns).

Flugslaktarn the Trooper (Minotaur Fighter)         Turns: 1885, Time: 00:00:43

Health: 0/41       AC: 10    Str: 23    XL:     4   Next: 50%
Magic:  3/3        EV:  8    Int:  5    God:
Gold:   138        SH:  4    Dex:  9    Spells: 3/3 levels left

rFire   . . .        a - +0 war axe
rCold   . . .        c - +0 buckler
rNeg    . . .        r - +0 chain mail
rPois   .            (helmet restricted)
rElec   .            j - +0 cloak
rCorr   .            (no gloves)
SInv    .            (no boots)
Will    .....        (no amulet) Stlth
                     (no ring)
HPRegen 0.26/turn    (no ring)
MPRegen 0.08/turn

%: no passive effects
@: on fire, glowing
A: horns 2, retaliatory headbutt
a: no special abilities


You were on level 3 of the Dungeon.
You visited 1 branch of the dungeon, and saw 3 of its levels.

You collected 138 gold pieces.

Inventory:

Hand Weapons
 a - a +0 war axe (weapon)
Armour
 c - a +0 buckler (worn)
 j - a +0 cloak (worn)
   (You found it on level 2 of the Dungeon)
 r - a +0 chain mail (worn)
   (You found it on level 3 of the Dungeon)
Scrolls
 e - 2 scrolls of fear {unknown}
 f - 2 scrolls of torment {unknown}
 g - 3 scrolls of enchant weapon {unknown}
 k - 2 scrolls of immolation {unknown}
 l - a scroll of revelation {unknown}
 m - a scroll of identify {unknown}
 n - a scroll of blinking {unknown}
 p - a scroll of noise {unknown}
 q - a scroll of enchant armour {unknown}
Potions
 d - a potion of might
 h - 2 potions of heal wounds {unknown}
 i - a potion of berserk rage {unknown}
 o - 2 potions of mutation {unknown}


   Skills:
 * Level 4.7 Fighting
 * Level 3.8 Axes
 + Level 4.2 Armour
 + Level 4.2 Shields


You had 3 spell levels left.
You didn't know any spells.
Your spell library was empty.

Dungeon Overview and Level Annotations

Branches:
Dungeon (3/15)

Altars:
Dithmenos


Innate Abilities, Weirdness & Mutations

You have a pair of horns on your head.
You reflexively headbutt those who attack you in melee.


Message History

The hobgoblin hits you but does no damage.
You slash the hobgoblin!
You kill the hobgoblin!
No target in view!
No target in view!
No target in view!
No target in view!
You now have 130 gold pieces (gained 3).
k - 2 scrolls labelled QAEDA YSTRINLO (gained 1)
You see here a +0 chain mail.
A hobgoblin comes into view.
The hobgoblin shouts!
You see here a scroll labelled ASAG OXTOOFUTZA.
A hobgoblin is nearby!
The hobgoblin barely misses you.
You hit the hobgoblin but do no damage. Your headbutt misses the hobgoblin.
The hobgoblin hits you.
You slash the hobgoblin!
You kill the hobgoblin!
No target in view!
No target in view!
No target in view!
No target in view!
q - a scroll labelled ASAG OXTOOFUTZA You see here a +0 chain mail.
r - a +0 chain mail You start removing your armour.
You continue taking off your +0 scale mail. x4
You finish taking off your +0 scale mail.
You start putting on your armour.
You continue putting on your +0 chain mail. x5
You finish putting on your +0 chain mail.
You drop a +0 scale mail.
You now have 138 gold pieces (gained 8).
A hobgoblin comes into view.
Found a scroll labelled HEIKLEU JIGIROTA.
The hobgoblin shouts!
A hobgoblin is nearby!
A hobgoblin is nearby!
An adder comes into view.
The hobgoblin hits you but does no damage.
You slash the hobgoblin!
You kill the hobgoblin!
You slash the adder!
The adder is severely wounded.
You block the adder's attack. The adder barely misses you.
You closely miss the adder.
The adder is severely wounded.
The adder bites you but does no damage. x2
You slash the adder!
You kill the adder!
No target in view!
g - 3 scrolls labelled HEIKLEU JIGIROTA (gained 1)
You see here a hobgoblin corpse.
A ball python comes into view.
The ball python hisses angrily.
You hit the ball python.
You kill the ball python!
You see here a ball python corpse.
Found a ring mail and an arbalest.
No target in view!
You see here a +0 ring mail.
A bombardier beetle comes into view.
Found 2 coppery potions.
A bombardier beetle is nearby!
The bombardier beetle sprays incendiary fluid at you.
The burning spray hits you.
You are covered in liquid fire!
You shake off some of the fire as you move.
The liquid fire burns you!
You closely miss the bombardier beetle. The liquid fire burns you!
The bombardier beetle bites you but does no damage.
You hit the bombardier beetle. You headbutt the bombardier beetle.
The bombardier beetle is heavily wounded.
The liquid fire burns you!
The bombardier beetle barely misses you.
You hit the bombardier beetle.
The bombardier beetle is almost dead.
The liquid fire burns you!
The bombardier beetle sprays incendiary fluid at you.
The burning spray hits you.
You are even more covered in liquid fire!
You closely miss the bombardier beetle.
You headbutt the bombardier beetle, but do no damage.
The bombardier beetle is almost dead.
The liquid fire burns you!
The bombardier beetle bites you but does no damage.
You are too injured to fight recklessly!
You are on fire!
You are too injured to fight recklessly!
You are too injured to fight recklessly!
You barely miss the bombardier beetle.
Your headbutt misses the bombardier beetle.
The bombardier beetle is almost dead.
The liquid fire burns you!
* * * LOW HITPOINT WARNING * * *
You shake off some of the fire as you move.
The liquid fire burns you!
You die...

#. ... .. ..# .. ..#
############# #. ..#
.....#.....###### #. ..#
#.B!.# #......# #. ..#
#....# #..###.#######
#†#..#
###...@###........†...#
.....#
..............##†#####.#
...###
.......!....#.###.# #.#
...# #######...#.#.###.#
#.# ...# #......[....#
#.# ...######
##.##.....### #.#
........##
#####.##.....# ####.#
..[......#
#............# #....#
.........#
#.#.#.##)....# #.####


You could see a bombardier beetle.

Vanquished Creatures
  4 gnolls (D:2)
  2 adders
  A dart slug (D:2)
  A ribbon worm (D:2)
  An endoplasm (D:2)
  3 giant cockroaches (D:2)
  5 goblins
  6 hobgoblins
  6 jackals
  3 kobolds
  A quokka (D:1)
  3 ball pythons
  3 bats (D:2)
  A frilled lizard (D:1)
40 creatures vanquished.

Notes
Turn   | Place    | Note
-------+----------+-------------------------------------------
     0 | D:1      | Flugslaktarn the Minotaur Fighter began the quest for the
                  | Orb.
     0 | D:1      | Reached XP level 1. HP: 19/19 MP: 0/0
   232 | D:1      | Reached XP level 2. HP: 27/27 MP: 1/1
   833 | D:2      | Found a shadowy altar of Dithmenos.
   903 | D:2      | Reached XP level 3. HP: 18/33 MP: 2/2
  1165 | D:2      | Reached XP level 4. HP: 39/41 MP: 3/3
  1885 | D:3      | Incinerated by a bombardier beetle

Illustrated notes

Levels and vault maps discovered:
D:1:      dpeg_arrival_brainrot, layout_basic
D:2:      layout_basic, basic_altar
D:3:      layout_loops_cross, general_overflow_altar,
          chequers_temple_overflow_minitemple, kennysheep_small_spiral,
          uniq_sigmund

Skill      XL: |  1  2  3 |
---------------+----------+-----
Fighting       | 4 |  4.7
Axes           | 3 |  3.8
Armour         | 4 |  4.2
Shields        | 4 |  4.2

Action                     |  1- 3 |  4- 6 || total
---------------------------+-------+-------++-------
  Melee: War axe           |    63 |    31 ||    94
         Headbutt          |    10 |     4 ||    14
 Armour: Scale mail        |    43 |    17 ||    60
         Chain mail        |       |     5 ||     5
  Dodge: Dodged            |    33 |    10 ||    43
  Block: Buckler           |    25 |     4 ||    29

Table legend: (Time is in decaauts)
 A = Elapsed time spent in this place.
 B = Non-inter-level travel time spent in this place.
 C = Inter-level travel time spent in this place.
 D = Time resting spent in this place.
 E = Time spent auto-exploring this place.
 F = Levels seen in this place.
 G = Mean time per level.
                   A        B        C        D        E       F      G
               +--------+--------+--------+--------+--------+-----+--------+
         Total |   1918 |   1860 |     58 |     63 |   1490 |   3 |  639.3 |
       Dungeon |   1918 |   1860 |     58 |     63 |   1490 |   3 |  639.3 |
               +--------+--------+--------+--------+--------+-----+--------+

Top non-repeatable levels by time:
     D:2: 887 daAuts
     D:1: 844 daAuts
     D:3: 187 daAuts
